 Dungeon Crawl Stone Soup version 0.30-a0-1042-gacf32f4bd3 (webtiles) character file.

Game seed: 17446196994456338745

2426 Grim the Spear-Bearer (level 9, -4/68 HPs)
             Began as a Formicid Fighter on Apr 9, 2023.
             Was a Follower of the Shining One.
             Slain by a centaur warrior (11 damage)
             ... on level 8 of the Dungeon.
             The game lasted 00:08:44 (6994 turns).

Grim the Spear-Bearer (Formicid Fighter)            Turns: 6994, Time: 00:08:44

Health: -4/68      AC:  8    Str: 25    XL:     9   Next: 77%
Magic:  14/14      EV:  9    Int:  6    God:    the Shining One [*.....]
Gold:   407        SH:  6    Dex: 19    Spells: 8/8 levels left

rFire   . . .      SeeInvis +    r - +4 spear
rCold   + . .      Faith    .    c - +0 buckler
rNeg    . . .      Spirit   .    b - +0 scale mail
rPois   .          Reflect  .    (helmet unavailable)
rElec   .          Rampage  .    h - +0 cloak
rCorr   .                        (no gloves)
Will    .....                    (no boots) Stlth
                                 (no amulet)
HPRegen 0.00/turn                x - ring of protection from cold
MPRegen 0.14/turn                C - +6 ring of dexterity

@: mighty, inhibited regen, glowing
A: permanent stasis, dig shafts and tunnels, antennae 3, four strong arms, dopey
1, inhibited regeneration
a: Dig, Shaft Self, Renounce Religion, Divine Shield


You were on level 8 of the Dungeon.
You worshipped the Shining One.
The Shining One was aware of your devotion.
You visited 1 branch of the dungeon, and saw 8 of its levels.

You collected 407 gold pieces.

Inventory:

Hand Weapons
 r - a +4 spear (weapon)
Missiles
 E - a throwing net
Armour
 b - a +0 scale mail (worn)
 c - a +0 buckler (worn)
 h - a +0 cloak (worn)
 v - a +0 pair of gloves
Jewellery
 o - a ring of flight
 x - a ring of protection from cold (left hand)
 y - a ring of wizardry
 C - a +6 ring of dexterity (right hand)
Wands
 a - a wand of paralysis (2)
 A - a wand of mindburst (1)
 H - a wand of flame (16)
Scrolls
 i - 2 scrolls of fear {unknown}
 j - a scroll of immolation {unknown}
 l - a scroll of fog {unknown}
 m - 2 scrolls of teleportation {unknown}
 n - a scroll of amnesia {unknown}
 q - 3 scrolls of noise {unknown}
 s - 2 scrolls of magic mapping {unknown}
 u - 3 scrolls of silence {unknown}
 w - a scroll of enchant armour {unknown}
 z - 3 scrolls of identify {unknown}
 B - a scroll of enchant weapon {unknown}
 D - a scroll of blinking {unknown}
 F - a scroll of poison {unknown}
 G - a scroll of butterflies {unknown}
Potions
 d - a potion of might
 e - 2 potions of mutation {!q}
 f - a potion of lignification {unknown}
 g - 2 potions of magic
 k - 2 potions of curing
 p - 2 potions of degeneration {unknown}
 t - a potion of haste {unknown}


   Skills:
 - Level 5.0 Fighting
 * Level 10.4 Polearms
 - Level 3.2 Armour
 - Level 5.0 Shields
 + Level 6.8 Invocations


You had 8 spell levels left.
You didn't know any spells.
Your spell library contained the following spells:

 Spells                   Type           Power      Damage    Failure   Level
 Magic Dart               Conj           0%         1d3       80%         1
 Sandblast                Erth           0%         2d4       80%         1
 Passwall                 Tmut/Erth      0%         N/A       91%         2
 Searing Ray              Conj           0%         2d4       91%         2
 Call Canine Familiar     Summ           0%         N/A       99%         3
 Hailstorm                Conj/Ice       0%         3d3       99%         3
 Portal Projectile        Hex/Tloc       0%         N/A       99%         3
 Stone Arrow              Conj/Erth      0%         3d7       99%         3
 Fulminant Prism          Conj/Hex       0%         3d5       100%        4
 Ice Form                 Ice/Tmut       0%         N/A       100%        4
 Leda's Liquefaction      Hex/Erth       0%         N/A       100%        4
 Olgreb's Toxic Radiance  Pois           0%         N/A       100%        4
 Simulacrum               Ice/Necr       0%         N/A       100%        6
 Discord                  Hex            0%         N/A       100%        8
 Ignition                 Fire           0%         3d3       100%        8


Dungeon Overview and Level Annotations

Branches:
Dungeon (8/15)             Temple (0/1) D:6
   Lair: D:8-11

Altars:
Fedhas
Gozag
Makhleb
Qazlal
Uskayaw
Vehumet
Zin
The Shining One

Shops:
D:5 *


Innate Abilities, Weirdness & Mutations

You cannot be hasted, slowed, berserked, paralysed or teleported.
You can dig through walls and to a lower floor.
You have a pair of large antennae on your head. (SInv)
Your four strong arms can wield two-handed weapons with a shield.
You are dopey. (Int -2)
You do not regenerate when monsters are visible.


Message History

The centaur warrior wields a +0 longbow.
The centaur warrior shoots an arrow.
The arrow hits you!
There is a stone staircase leading up, spattered with blood here.
The centaur warrior shoots an arrow.
The arrow hits you!
The centaur warrior shoots an arrow.
The arrow hits you!
* * * LOW HITPOINT WARNING * * *
You are too injured to fight recklessly!
The centaur warrior unwields a +0 longbow.
The centaur warrior hits you!
* * * LOW HITPOINT WARNING * * *
The centaur warrior kicks you.
* * * LOW HITPOINT WARNING * * *
You hit the centaur warrior.
The centaur warrior is lightly wounded.
The centaur warrior hits you!
* * * LOW HITPOINT WARNING * * *
The centaur warrior barely misses you.
You puncture the centaur warrior!
The centaur warrior is moderately wounded.
The centaur warrior barely misses you.
The centaur warrior kicks you but does no damage.
You puncture the centaur warrior!
The centaur warrior is moderately wounded.
You block the centaur warrior's attack. The centaur warrior kicks you.
* * * LOW HITPOINT WARNING * * *
It was a potion of mutation.
You feel extremely strange.
Your regeneration stops near monsters.
You feel stupid. The centaur warrior hits you.
* * * LOW HITPOINT WARNING * * *
You block the centaur warrior's attack.
It was a potion of magic.
Magic courses through your body.
The centaur warrior hits you but does no damage.
The centaur warrior barely misses you. x2
The centaur warrior kicks you but does no damage.
It was a potion of curing.
You feel better. The centaur warrior barely misses you.
The centaur warrior kicks you.
* * * LOW HITPOINT WARNING * * *
You feel very mighty all of a sudden. The centaur warrior hits you!
You die...

#.###.###..#......)#
#..#...#..##..P.P..#
#######.........#.#.._..##
#...........####.##.P.P.#
#.#########.# ##.#.....#
#.# #.# ##....### #.#
#####.#######...# #.#
#......c........# #.#
#.....@..#####..# #.#
#####.##.# #..# #.# #<# #
#..# #.# #.# #..#
#.#########.# #..#
#...........#
#############


You could see a centaur warrior.

Vanquished Creatures
  A water moccasin (D:7)
  An orc warrior (D:6)
  3 ice beasts (D:7)
  4 black bears
  A sky beast (D:7)
  2 ogres
  2 kobold brigands
  A bullfrog (D:8)
  3 scorpions
  4 wights (D:6)
  A howler monkey (D:6)
  2 hounds (D:5)
  5 orc priests
  3 iguanas
  Ijyb (D:3)
  6 orc wizards
  6 adders
  3 white imps
  2 ufetubi
  2 worms (D:2)
  4 dart slugs
  24 orcs
  4 bats
  4 endoplasms
  4 giant cockroaches
  6 hobgoblins
  13 jackals
  14 kobolds
  2 quokkas
  2 ball pythons (D:1)
  6 frilled lizards
  5 goblins
  2 rats (D:2)
143 creatures vanquished.

Notes
Turn   | Place    | Note
-------+----------+-------------------------------------------
     0 | D:1      | Grim the Formicid Fighter began the quest for the Orb.
     0 | D:1      | Reached XP level 1. HP: 18/18 MP: 1/1
    81 | D:1      | Reached XP level 2. HP: 13/24 MP: 2/2
   466 | D:1      | Reached XP level 3. HP: 27/29 MP: 3/3
   470 | D:1      | Reached skill level 3 in Polearms
   642 | D:2      | Found a hide-covered altar of Uskayaw.
   781 | D:2      | Reached XP level 4. HP: 35/35 MP: 4/4
  1164 | D:2      | Reached skill level 5 in Shields
  1165 | D:2      | Found a faded altar of an unknown god.
  1292 | D:3      | Found a glowing golden altar of the Shining One.
  1310 | D:3      | Became a worshipper of the Shining One
  1324 | D:3      | Noticed a scorpion
  1329 | D:3      | Killed a scorpion
  1330 | D:3      | Reached skill level 4 in Polearms
  1330 | D:3      | Reached XP level 5. HP: 42/42 MP: 5/5
  1373 | D:3      | Found an opulent altar of Gozag.
  1869 | D:3      | Found a faded altar of an unknown god.
  1914 | D:3      | Noticed Ijyb
  1930 | D:3      | Killed Ijyb
  1968 | D:3      | Found a glowing silver altar of Zin.
  2146 | D:3      | Reached XP level 6. HP: 31/48 MP: 6/6
  2161 | D:3      | Reached skill level 5 in Polearms
  2387 | D:4      | Found a stormy altar of Qazlal.
  2483 | D:4      | Identified the +0 chain mail "Oticinic" {Contam rF++ Int+2}
  2924 | D:4      | Noticed a black bear
  3071 | D:3      | Killed a black bear
  3072 | D:3      | Reached skill level 6 in Polearms
  3072 | D:3      | Reached XP level 7. HP: 17/55 MP: 7/7
  3438 | D:4      | Reached skill level 5 in Fighting
  3477 | D:4      | Reached skill level 1 in Invocations
  3685 | D:5      | Entered Level 5 of the Dungeon
  4032 | D:5      | Reached * piety under the Shining One
  4184 | D:5      | Reached skill level 7 in Polearms
  4184 | D:5      | Reached XP level 8. HP: 59/62 MP: 9/9
  4478 | D:5      | Found Haomotwy's CLEARANCE SALE!.
  4875 | D:6      | Reached skill level 8 in Polearms
  5165 | D:6      | Reached XP level 9. HP: 68/68 MP: 12/12
  5269 | D:6      | Reached skill level 9 in Polearms
  5269 | D:6      | Reached skill level 5 in Invocations
  5526 | D:6      | Found a staircase to the Ecumenical Temple.
  6489 | D:8      | Found a burning altar of Makhleb.
  6514 | D:7      | Reached skill level 10 in Polearms
  6895 | D:8      | Found a blossoming altar of Fedhas.
  6914 | D:8      | Found a radiant altar of Vehumet.
  6985 | D:8      | Noticed a centaur warrior
  6991 | D:8      | Gained mutation: You do not regenerate when monsters are
                  | visible. [potion of mutation]
  6991 | D:8      | Gained mutation: You are dopey. (Int -2) [potion of
                  | mutation]
  6994 | D:8      | Slain by a centaur warrior

Illustrated notes

Levels and vault maps discovered:
D:1:      wheals_arrival_shading, layout_rooms, minmay_misc_feat_tower,
          minmay_pentomino_s2
D:2:      layout_basic, chequers_ecumenical_altar_grove, basic_altar
D:3:      layout_basic, nicolae_overflow_ecumenical_swirl,
          nicolae_tso_carved_into_rock, mainiacjoe_overflow_cross_hatched,
          minmay_misc_feat_tiny, uniq_ijyb
D:4:      layout_layer_cave, mainiacjoe_overflow_alcove_1, minmay_ruptured
D:5:      layout_gridville, nicolae_shop_clearance
D:6:      layout_loops_ring, minmay_temple_entry_poolview
D:7:      layout_basic
D:8:      layout_loops_ring, mainiacjoe_overflow_concentric_impassable,
          vehumet_crystals, fedhas_altar_1, kennysheep_generic_room_12

Skill      XL: |  1  2  3  4  5  6  7  8  9 |
---------------+----------------------------+-----
Polearms       | 3 4 6 7 8 10 | 10.4
Shields        | 5 |  5.0
Fighting       | 4 5 |  5.0
Invocations    | 2 4 6 |  6.8
Armour         | |  3.2

Action                     |  1- 3 |  4- 6 |  7- 9 || total
---------------------------+-------+-------+-------++-------
  Melee: Trident           |    85 |    74 |       ||   159
         Spear             |       |   120 |   302 ||   422
    Use: Potion            |       |       |     5 ||     5
 Armour: Scale mail        |    21 |    75 |    75 ||   171
  Dodge: Dodged            |    26 |    67 |    71 ||   164
  Block: Buckler           |    16 |    44 |    52 ||   112

Table legend: (Time is in decaauts)
 A = Elapsed time spent in this place.
 B = Non-inter-level travel time spent in this place.
 C = Inter-level travel time spent in this place.
 D = Time resting spent in this place.
 E = Time spent auto-exploring this place.
 F = Levels seen in this place.
 G = Mean time per level.
                   A        B        C        D        E       F      G
               +--------+--------+--------+--------+--------+-----+--------+
         Total |   6926 |   6679 |    247 |   1187 |   4413 |   8 |  865.8 |
       Dungeon |   6926 |   6679 |    247 |   1187 |   4413 |   8 |  865.8 |
               +--------+--------+--------+--------+--------+-----+--------+

Top non-repeatable levels by time:
     D:3: 1396 daAuts
     D:6: 1154 daAuts
     D:4: 1060 daAuts
     D:7: 891 daAuts
     D:5: 822 daAuts
     D:2: 624 daAuts
     D:1: 615 daAuts
     D:8: 362 daAuts
